 Dungeon Crawl Stone Soup version 0.31-a0-174-g85c54bcb58 (webtiles) character file.

Game seed: 15632501350422829342

297307 MacCMillion the Ruinous (level 20, -5/130 (132) HPs)
             Began as a Tengu Summoner on June 16, 2023.
             Was an Initiate of Gozag.
             Slain by a +1 mace of venom (12 damage)
             ... animated by Zenata
             ... on level 3 of the Vaults.
             The game lasted 02:48:09 (66313 turns).

MacCMillion the Ruinous (Tengu Summoner)           Turns: 66313, Time: 02:48:10

HP:   -5/130 (132)  AC: 12    Str:  9    XL:     20   Next: 93%
MP:   32/37         EV: 24    Int: 24    God:    Gozag
Gold: 10313         SH:  0    Dex: 15    Spells: 9/43 levels left

rFire   + . .        W - staff of air
rCold   + + +        (no shield)
rNeg    . . .        V - +4 skin of Zhor {*Englaciate rC+++ SInv}
rPois   .            (helmet restricted)
rElec   +            T - +2 cloak {rC+}
rCorr   .            m - +2 pair of gloves of Complete Protection {rC+ Regen+}
SInv    +            (boots unavailable)
Will    ++...        Z - amulet of magic regeneration
Stlth   ++           x - ring of willpower
HPRegen 1.21/turn    C - ring of protection from fire
MPRegen 0.65/turn

%: no passive effects
@: lethally poisoned (-5 -> -14), swift, about to teleport, flying quickly and
evasively, studying 2 skills, lightly drained, very quick
A: beak, talons 3, nimble flight
}: 2/15 runes: decaying, serpentine
a: Renounce Religion, Potion Petition, Call Merchant, Bribe Branch


You were on level 3 of the Vaults.
You worshipped Gozag.
Gozag was extremely pleased with you.
You visited 7 branches of the dungeon, and saw 35 of its levels.
You also visited: Ice Cave.

You collected 17041 gold pieces.
You spent 1703 gold pieces at shops.
You paid 5025 gold pieces to Gozag.

Inventory:

Hand Weapons
 o - the +1 hand axe "Joludaap" {elec, rElec rC+ Int+2}
   (You found it on level 2 of the Dungeon)

   Int:       It affects your intelligence (+2).
   rC:        It protects you from cold.
   rElec:     It insulates you from electricity.
 t - a +5 sling
Missiles
 i - 28 curare-tipped darts
 r - 7 throwing nets
Armour
 l - the +0 pair of gloves "Eplaq" {Int+3}
   (You found it on level 1 of the Vaults)

   Int:       It affects your intelligence (+3).
 m - the +2 pair of gloves of Complete Protection (worn) {rC+ Regen+}
   (You found it on level 2 of the Dungeon)

   rC:        It protects you from cold.
   Regen:     It increases your rate of health regeneration.
 T - a +2 cloak of cold resistance (worn)
 V - the +4 skin of Zhor (worn) {*Englaciate rC+++ SInv}
   (You found it in an ice cave)

   *Englaciate: It radiates cold, occasionally slowing all nearby creatures who
   are not resistant to cold.
   rC:        It renders you almost immune to cold.
   SInv:      It lets you see invisible.
Magical Staves
 W - a staff of air (weapon)
Jewellery
 a - a ring of see invisible
 x - a ring of willpower (left hand)
 C - a ring of protection from fire (right hand)
 D - a ring of protection from cold
 K - the ring "Horegey" {rPois Dex+3}
   (You bought it in a shop on level 10 of the Dungeon)

   [ring of poison resistance]

   Dex:       It affects your dexterity (+3).
   rPois:     It protects you from poison.
 O - a ring of magical power
 X - a ring of resist corrosion
 Z - an amulet of magic regeneration (around neck)
Wands
 A - a wand of iceblast (32)
 L - a wand of acid (18)
 M - a wand of charming (18)
 N - a wand of digging (1)
Scrolls
 d - 3 scrolls of blinking
 f - 23 scrolls of teleportation
 k - 3 scrolls of enchant weapon
 s - 2 scrolls of enchant armour
 u - 6 scrolls of poison
 v - 2 scrolls of torment
 w - 6 scrolls of fog
 y - 3 scrolls of vulnerability
 z - 5 scrolls of revelation
 B - 3 scrolls of fear
 E - 2 scrolls of noise
 F - 4 scrolls of immolation
 G - 5 scrolls of silence
 J - 4 scrolls of butterflies
 Q - 2 scrolls of brand weapon
 S - 2 scrolls of amnesia
Potions
 b - 2 potions of magic
 c - 10 potions of ambrosia
 e - 4 potions of haste
 g - 2 potions of invisibility
 h - 4 potions of brilliance
 j - a potion of cancellation
 n - 10 potions of curing
 p - 7 potions of heal wounds
 q - 7 potions of enlightenment
 H - 5 potions of attraction
 I - 7 potions of might
 P - 4 potions of mutation
 R - a potion of resistance
 U - 2 potions of berserk rage
 Y - a potion of lignification


   Skills:
 - Level 16.5 Fighting
 + Level 7.6 Staves
 - Level 5.0 Armour
 - Level 16.0 Dodging
 - Level 2.0 Stealth
 - Level 12.0 Spellcasting
 + Level 21.9 Conjurations
 - Level 13.0 Summonings
 - Level 6.0 Ice Magic
 + Level 21.9 Air Magic


You had 9 spell levels left.
You knew the following spells:

 Your Spells              Type           Power      Damage    Failure   Level
a - Swiftness             Air            100%       N/A       0%          3
c - Call Canine Familiar  Summ           67%        N/A       1%          3
d - Summon Lightning Spi  Summ/Air       98%        N/A       1%          4
e - Summon Guardian Gole  Hex/Summ       45%        N/A       1%          3
f - Arcjolt               Conj/Air       54%        1d64      0%          5
g - Freezing Cloud        Conj/Ice/Air   48%        6-21      1%          5
h - Vhi's Electric Charg  Tloc/Air       100%       N/A       1%          3
i - Maxwell's Capacitive  Air            54%        ∞         3%          8

Your spell library contained the following spells:

 Spells                   Type           Power      Damage    Failure   Level
 Magic Dart               Conj           100%       1d8       0%          1
 Shock                    Conj/Air       100%       1d9       0%          1
 Static Discharge         Conj/Air       100%       2-7/arc   0%          2
 Airstrike                Air            54%        2d(8-24)  0%          4
 Foxfire                  Conj/Fire      100%       2x1d9     1%          1
 Summon Small Mammal      Summ           100%       N/A       1%          1
 Call Imp                 Summ           100%       N/A       1%          2
 Cigotuvi's Dreadful Rot  Necr/Pois/Air  100%       N/A       1%          2
 Ensorcelled Hibernation  Hex/Ice        56%        N/A       1%          2
 Poisonous Vapours        Pois/Air       100%       N/A       1%          2
 Dazzling Flash           Conj/Hex       100%       N/A       1%          3
 Mephitic Cloud           Conj/Pois/Air  91%        N/A       1%          3
 Ozocubu's Armour         Ice            43%        N/A       1%          3
 Summon Ice Beast         Ice/Summ       56%        N/A       1%          4
 Silence                  Hex/Air        39%        N/A       1%          5
 Orb of Destruction       Conj           44%        9d12      1%          7
 Spellforged Servitor     Conj/Summ      39%        N/A       2%          7
 Animate Armour           Summ/Erth      90%        N/A       3%          4
 Beastly Appendage        Tmut           28%        N/A       4%          1
 Slow                     Hex            56%        N/A       4%          1
 Sting                    Tmut/Pois      56%        1d5       4%          1
 Blink                    Tloc           28%        N/A       6%          2
 Passwall                 Tmut/Erth      11%        N/A       6%          2
 Wereblood                Tmut           14%        N/A       6%          2
 Ice Form                 Ice/Tmut       28%        N/A       12%         4
 Confusing Touch          Hex            14%        N/A       13%         3
 Spider Form              Tmut/Pois      14%        N/A       13%         3
 Vampiric Draining        Necr           14%        2d7       13%         3
 Metabolic Englaciation   Hex/Ice        14%        N/A       34%         5
 Anguish                  Hex/Necr       7%         N/A       38%         4
 Manifold Assault         Tloc           14%        N/A       38%         4
 Olgreb's Toxic Radiance  Pois           14%        N/A       38%         4
 Passage of Golubria      Tloc           14%        N/A       38%         4
 Petrify                  Tmut/Erth      14%        N/A       38%         4
 Storm Form               Tmut/Air       39%        N/A       38%         7
 Chain Lightning          Conj/Air       54%        3d72      50%         9
 Agony                    Necr           14%        N/A       75%         5
 Borgnjor's Vile Clutch   Necr/Erth      7%         N/A       75%         5
 Summon Horrible Things   Summ           33%        N/A       80%         8
 Ozocubu's Refrigeration  Ice            21%        4d12      97%         7
 Lehudib's Crystal Spear  Conj/Erth      30%        10d8      97%         8
 Death Channel            Necr           7%         N/A       100%        6
 Statue Form              Tmut/Erth      9%         N/A       100%        6
 Animate Dead             Necr           Unusable   N/A       N/A         4

Dungeon Overview and Level Annotations

Branches:
Dungeon (15/15)            Temple (1/1) D:7            Lair (5/5) D:10
  Swamp (4/4) Lair:2        Snake (4/4) Lair:3        Slime (0/5) Lair:4
    Orc (2/2) D:9             Elf (0/3) Orc:2        Vaults (4/5) D:14
 Depths (0/4) D:15          IceCv (visited)
  Crypt: Vaults:2-3

Altars:
Ashenzari
Cheibriados
Dithmenos
Elyvilon
Fedhas
Gozag
Hepliaklqana
Kikubaaqudgha
Makhleb
Nemelex Xobeh
Okawaru
Qazlal
Ru
Sif Muna
Trog
Uskayaw
Vehumet
Wu Jian
Xom
Yredelemnul
Zin
The Shining One

Shops:
D:1 (   D:5 :   D:6 ?:   D:7 [   D:9 [*   D:10 =:   D:13 *   Orc:2 **=(
Lair:2 =*   Snake:1 ((**   Snake:4 (

Annotations:
D:3 2 runed translucent doors
D:11 1 runed translucent door, mmBingo's ghost, novice DsFi
Vaults:3 Zenata


Innate Abilities, Weirdness & Mutations

You have a beak for a mouth.
You have claws for feet.
Your magical nature lets you fly swiftly and evasively.


Message History

Zenata misses you. The +5 war axe of venom hits you.
You feel very sick. The +5 war axe of venom hits you.
Zenata sends weapons flying into battle!
The +5 war axe of venom attacks as you move away!
The +5 war axe of venom completely misses you.
You radiate an aura of cold.
The +5 war axe of venom is unaffected.
The +1 mace of venom is unaffected.
The +0 scimitar of electrocution is unaffected.
Zenata resists.
You feel very sick. The +5 war axe of venom hits you.
You are more poisoned.
As you read the scroll of teleportation, it crumbles to dust.
You feel strangely unstable.
You feel extremely sick. The +1 mace of venom hits you!
You are more poisoned.
The +5 war axe of venom hits you!
* * * LOW HITPOINT WARNING * * *
You are lethally poisoned!
The +1 mace of venom misses you. The +5 war axe of venom hits you!
* * * LOW HITPOINT WARNING * * *
You are more poisoned.
The +1 mace of venom closely misses you.
The +0 scimitar of electrocution hits you!
* * * LOW HITPOINT WARNING * * *
Zenata sends weapons flying into battle!
Okay, then.
You feel better. The +5 war axe of venom hits you.
* * * LOW HITPOINT WARNING * * *
You are poisoned.
The +1 mace of venom hits you.
* * * LOW HITPOINT WARNING * * *
You are more poisoned.
The +0 scimitar of electrocution hits you!!
* * * LOW HITPOINT WARNING * * *
The +1 mace of venom hits you!
You die...
Your body crumbles into a pile of gold.

#..........####
#######'#'#####
#.......#......
#.......#......
#####.......'..####
####...#.......#..#
# ..#...#....>..#..#
#.#.#...'.......'..#
#.#.#(@##.......#..#
#....((##########..#
#.#(a.(# #..####
#.#### #...... ....
#...... #####.
####### .# #.. . #..
#. ########..


You could see Zenata and 5 dancing weapons.

Vanquished Creatures
  Bai Suzhen (Vaults:2)
  Nikola (Vaults:3)
  A bone dragon (Vaults:3)
  Mlioglotl (Lair:2)
  A sphinx (Vaults:1)
  6 vault wardens
  A fenstrider witch (Swamp:3)
  An orc warlord (Vaults:3)
  2 ghouls
  6 ironbound preservers
  5 eleionomae
  An ironbound thunderhulk (Vaults:3)
  20 dire elephants
  2 bunyips
  A fire dragon (D:15)
  2 entropy weavers
  A shambling mangrove (Swamp:4)
  3 yaktaur captains (Vaults:1)
  The ghost of meliss the Severer, a journeyman MiFi of Elyvilon (D:10)
  Erolcha (D:12)
  2 salamander tyrants (Snake:4)
  A rakshasa (D:15)
  17 hydras
  2 vault guards (Vaults:1)
  5 ironbound frosthearts
  20 centaur warriors
  6 anacondas
  8 naga warriors
  A tengu warrior (D:13)
  3 boulder beetles
  7 alligators
  3 two-headed ogres
  3 orc high priests (Orc:2)
  8 naga sharpshooters
  9 shock serpents
  3 salamander mystics
  A spriggan druid (Swamp:4)
  2 goliath frogs
  A glowing orange brain (D:15)
  26 deep trolls
  3 naga ritualists
  4 bog bodies
  7 swamp dragons
  6 wizards
  5 ironbound convokers
  3 necromancers
  8 orc knights
  A deep elf pyromancer (D:14)
  6 mana vipers
  5 cyclopes
  7 orc sorcerers
  A manticore (shapeshifter) (D:15)
  4 manticores
  A will-o-the-wisp (Swamp:4)
  35 ugly things
  8 salamanders
  5 guardian serpents
  A frost giant skeleton (Vaults:2)
  An elephant (Lair:5)
  16 naga magi
  6 vault sentinels
  17 black mambas
  2 water nymphs (Swamp:1)
  An eye of devastation (shapeshifter) (D:14)
  A cane toad (Lair:5)
  A rime drake (Lair:3)
  A rime drake (shapeshifter) (D:12)
  14 yaktaurs
  3 freezing wraiths (IceCv)
  3 human skeletons (Vaults:2)
  A kobold demonologist (D:12)
  An efreet (D:14)
  3 tengu conjurers
  A komodo dragon (Lair:2)
  8 ice devils (IceCv)
  3 meliai (D:13)
  A queen bee (D:13)
  4 trolls
  2 tyrant leeches
  7 hornets
  A wolf spider simulacrum (D:14)
  4 blink frogs
  35 slime creatures
  A wraith (D:14)
  A culicivora (Vaults:3)
  4 spriggans
  2 dire elephant simulacra (IceCv)
  A fire bat (Lair:4)
  2 vampires
  2 basilisks
  A redback (Vaults:1)
  10 vampire mosquitoes
  A death yak simulacrum (IceCv)
  29 nagas
  2 wargs (Orc:1)
  9 swamp worms
  3 acid dragons
  A water moccasin (Lair:2)
  11 orc warriors
  9 swamp drakes
  4 ogres
  3 wolves
  14 centaurs
  3 bullfrogs
  A scorpion (D:6)
  A two-headed ogre simulacrum (IceCv)
  4 cane toad simulacra (IceCv)
  23 killer bees (D:13)
  2 elephant simulacra (IceCv)
  An electric eel (Lair:5)
  11 orc priests
  A gnoll bouda (D:6)
  A sleepcap (D:6)
  A hound (D:5)
  7 orc wizards
  2 polar bear simulacra (IceCv)
  2 troll simulacra (IceCv)
  2 wolf simulacra (IceCv)
  3 adders
  13 white imps
  25 orcs
  4 bats
  A hobgoblin (D:3)
  2 jackals
  A kobold (D:4)
  A quokka (D:3)
  A rat (D:1)
656 creatures vanquished.

Vanquished Creatures (collateral kills)
  A thorn hunter (Swamp:4)
  4 vault wardens
  A fenstrider witch (Swamp:3)
  Louise (Swamp:2)
  4 nagarajas (Snake:4)
  2 ghouls (Swamp:4)
  2 ironbound preservers (Vaults:1)
  4 dire elephants
  2 bunyips (Swamp:4)
  Snorg (D:10)
  A great orb of eyes (Vaults:1)
  10 hydras
  A vault guard (Vaults:1)
  3 anacondas
  2 catoblepae
  4 boulder beetles
  4 two-headed ogres
  An alligator (Swamp:3)
  7 naga warriors
  2 death yaks (Lair:5)
  5 naga sharpshooters
  2 skysharks
  2 goliath frogs
  3 salamander mystics (Snake:4)
  6 deep trolls
  3 bog bodies
  3 lindwurms
  6 naga ritualists
  3 swamp dragons (Swamp:4)
  3 mana vipers
  2 ironbound convokers
  An orc sorcerer (Orc:2)
  A cyclops (D:11)
  An ugly thing (Vaults:3)
  2 will-o-the-wisps (Swamp:3)
  4 salamanders
  An oklob plant (D:10)
  9 elephants
  A manticore (Lair:3)
  14 black mambas
  A guardian serpent (Snake:2)
  2 vault sentinels (Vaults:2)
  13 naga magi
  2 torpor snails
  10 cane toads
  A gargoyle (D:10)
  An unseen horror (D:10)
  12 rime drakes
  6 kobold demonologists
  7 komodo dragons
  A yaktaur (Vaults:2)
  2 freezing wraiths (IceCv)
  A burning bush (Lair:4)
  4 ice devils (IceCv)
  4 polar bears
  A tyrant leech (Swamp:2)
  2 hornets
  A bloated husk (Swamp:3)
  8 dream sheep
  25 blink frogs
  A jumping spider (Vaults:1)
  A slime creature (Vaults:3)
  A wraith (D:9)
  3 spriggans
  33 yaks
  10 wyverns
  4 basilisks
  2 fire bats (Lair:4)
  2 redbacks
  9 vampire mosquitoes
  7 swamp worms
  28 nagas
  A death yak simulacrum (IceCv)
  A warg (Orc:2)
  4 acid dragons
  10 water moccasins
  Duvessa (D:6)
  2 hydra simulacra (IceCv)
  2 sky beasts
  3 orc warriors
  2 swamp drakes (Swamp:4)
  An ice beast (D:4)
  5 black bears
  6 wolves
  2 ogres (Orc:2)
  A centaur (D:8)
  2 phantoms
  11 kobold brigands
  16 bullfrogs
  A necrophage (Swamp:4)
  5 scorpions
  3 cane toad simulacra (IceCv)
  5 wights (D:5)
  Dowan (D:6)
  2 elephant simulacra (IceCv)
  12 killer bees
  2 electric eels (Lair:4)
  A howler monkey (D:6)
  A hound (D:4)
  3 jellies
  9 orc priests
  A sleepcap (D:4)
  6 iguanas
  15 orc wizards
  2 troll simulacra (IceCv)
  2 hell rats (Lair:3)
  2 polar bear simulacra (IceCv)
  11 gnolls
  4 adders
  A shadow imp (D:7)
  3 white imps
  2 ufetubi
  2 dart slugs
  61 orcs
  12 ball pythons
  2 bats
  11 endoplasms
  2 giant cockroaches
  2 hobgoblins
  8 jackals
  22 kobolds
  3 quokkas
  3 frilled lizards
  3 goblins
  5 rats
  3 butterflies
637 creatures vanquished.

Vanquished Creatures (others)
  2 hydras
  A boulder beetle (Lair:5)
  A death yak (Lair:5)
  A naga warrior (Snake:4)
  A goliath frog (Lair:5)
  A naga ritualist (Snake:1)
  2 elephants (Lair:5)
  An ice statue (IceCv)
  2 black mambas
  6 cane toads
  A rime drake (Lair:5)
  A tyrant leech (Lair:5)
  10 blink frogs
  11 yaks
  4 wyverns (Lair:3)
  4 basilisks
  A death yak simulacrum (IceCv)
  A vampire mosquito (Lair:5)
  A warg (Orc:2)
  A naga (Snake:4)
  A water moccasin (Lair:5)
  An orc warrior (Orc:2)
  A centaur (D:14)
  2 bullfrogs (Lair:5)
  A hell rat (Lair:3)
  2 orcs
  14 foxfires
75 creatures vanquished.

Grand Total: 1368 creatures vanquished

Notes
Turn   | Place    | Note
-------+----------+-------------------------------------------
     0 | D:1      | MacCMillion the Tengu Summoner began the quest for the Orb.
     0 | D:1      | Reached XP level 1. HP: 10/10 MP: 4/4
    31 | D:1      | Found Caudwint's Antique Weapon Emporium.
   112 | D:1      | Reached skill level 5 in Summonings
   275 | D:1      | Reached XP level 2. HP: 15/15 MP: 3/6
  1285 | D:2      | Reached XP level 3. HP: 19/19 MP: 4/7
  1629 | D:2      | Identified the +2 pair of gloves of Complete Protection
                  | {rC+ Regen+}
  1758 | D:2      | Learned a level 2 spell: Call Imp
  1762 | D:2      | Learned a level 3 spell: Call Canine Familiar
  2125 | D:2      | Identified the +1 hand axe "Joludaap" {elec, rElec rC+
                  | Int+2}
  2253 | D:2      | Reached XP level 4. HP: 24/24 MP: 1/9
  3333 | D:3      | Gained mutation: Your magical nature lets you fly swiftly
                  | and evasively. [Tengu growth]
  3333 | D:3      | Reached XP level 5. HP: 28/28 MP: 8/10
  3707 | D:3      | Reached skill level 1 in Fighting
  4160 | D:3      | Found a large runed translucent door.
  4164 | D:3      | Found a large runed translucent door.
  4165 | D:3      | Found a shimmering altar of Xom.
  4551 | D:4      | Reached XP level 6. HP: 36/36 MP: 5/11
  4686 | D:4      | Found the +7 staff of the Meek {protect, meekguard}
  5057 | D:4      | Identified the staff of earth "Damnum" {rElec rN+ Dex+3
                  | SInv}
  5142 | D:4      | Reached XP level 7. HP: 41/41 MP: 1/12
  5587 | D:4      | Reached skill level 5 in Dodging
  5902 | D:4      | Found a shimmering altar of Xom.
  5943 | D:5      | Entered Level 5 of the Dungeon
  6642 | D:5      | Reached skill level 5 in Fighting
  6674 | D:5      | Reached XP level 8. HP: 44/49 MP: 6/13
  6861 | D:5      | Found Refarchah's Vocational Training.
  7559 | D:6      | Found an iron altar of Okawaru.
  7560 | D:6      | Noticed Dowan
  7581 | D:6      | Reached skill level 1 in Air Magic
  7665 | D:6      | Noticed Duvessa
  7676 | D:6      | Found a large runed translucent door.
  8117 | D:6      | Reached skill level 5 in Air Magic
  8305 | D:6      | Found a large runed translucent door.
  8389 | D:6      | Learned a level 4 spell: Summon Lightning Spire
  8581 | D:6      | Found Yzialulu's Self-Improvement Boutique.
  8929 | D:6      | Found Juthrack's Magic Scroll Boutique.
  8932 | D:6      | Bought a scroll of identify for 24 gold pieces
  8937 | D:6      | Bought a scroll of teleportation for 36 gold pieces
  9065 | D:6      | Found a hide-covered altar of Uskayaw.
  9248 | D:6      | Killed Duvessa
  9249 | D:6      | Reached XP level 9. HP: 54/54 MP: 4/14
  9271 | D:6      | Killed Dowan
  9612 | D:6      | Found a blossoming altar of Fedhas.
  9615 | D:6      | Found a burning altar of Makhleb.
 10567 | D:7      | Found a staircase to the Ecumenical Temple.
 10914 | Temple   | Entered the Ecumenical Temple
 11478 | D:7      | Found Vaur's Armour Shop.
 11504 | D:7      | Found a radiant altar of Vehumet.
 11726 | D:8      | Noticed a two-headed ogre
 11730 | D:8      | Reached skill level 10 in Summonings
 11744 | D:8      | Killed a two-headed ogre
 11745 | D:8      | Reached XP level 10. HP: 60/60 MP: 1/16
 11952 | D:8      | Found an opulent altar of Gozag.
 12003 | D:8      | Found a sparkling altar of Nemelex Xobeh.
 12008 | D:8      | Became a worshipper of Gozag Ym Sagoz the Greedy
 12026 | D:8      | You are sucked into a shaft and drop 1 floor!
 12237 | D:9      | Found a shimmering blue altar of Sif Muna.
 12494 | D:9      | Found a glowing golden altar of the Shining One.
 12631 | D:9      | Noticed a two-headed ogre
 12646 | D:9      | Killed a two-headed ogre
 12889 | D:9      | Found a staircase to the Orcish Mines.
 13634 | D:9      | Noticed a kobold demonologist
 13637 | D:9      | Noticed a kobold demonologist
 13638 | D:9      | Noticed a kobold demonologist
 13670 | D:9      | Killed a kobold demonologist
 13671 | D:9      | Reached skill level 5 in Spellcasting
 13709 | D:9      | Noticed a kobold demonologist
 13728 | D:9      | Killed a kobold demonologist
 13736 | D:9      | Killed a kobold demonologist
 13748 | D:9      | Killed a kobold demonologist
 13749 | D:9      | Reached XP level 11. HP: 66/67 MP: 9/20
 14011 | D:9      | Reached skill level 10 in Dodging
 15366 | D:10     | Entered Level 10 of the Dungeon
 15443 | D:10     | Noticed Snorg
 15627 | D:10     | Found a hazy altar of Hepliaklqana.
 15673 | D:10     | Killed Snorg
 15801 | D:10     | Noticed an oklob plant
 15822 | D:10     | Found a staircase to the Lair.
 15842 | D:10     | Found a large runed translucent door.
 15842 | D:10     | Found a large runed translucent door.
 15847 | D:10     | Noticed meliss's ghost (journeyman MiFi)
 15970 | D:10     | Found a broken altar of Ashenzari.
 16138 | D:10     | Found a bloodstained altar of Trog.
 16499 | D:11     | Noticed a two-headed ogre
 16505 | D:11     | Killed a two-headed ogre
 16673 | D:11     | Noticed mmBingo's ghost (novice DsFi)
 16693 | D:11     | Noticed a boulder beetle
 16851 | D:11     | Killed a boulder beetle
 16936 | D:11     | Noticed a two-headed ogre
 16976 | D:11     | Killed a two-headed ogre
 16977 | D:11     | Reached XP level 12. HP: 66/76 MP: 9/22
 17312 | D:11     | Found a runed translucent door.
 17808 | Lair:1   | Entered Level 1 of the Lair of Beasts
 18071 | Lair:1   | Reached skill level 10 in Fighting
 18786 | Lair:1   | Reached skill level 1 in Armour
 18857 | Lair:1   | Got the Vellum of Wounds and Exhalation
 18924 | Lair:1   | Learned a level 3 spell: Summon Guardian Golem
 19482 | Lair:2   | Noticed a catoblepas
 19496 | Lair:2   | Killed a catoblepas
 19510 | Lair:2   | Reached XP level 13. HP: 84/84 MP: 12/23
 19645 | Lair:2   | Found a staircase to the Swamp.
 19898 | Lair:2   | Reached skill level 5 in Armour
 20606 | Lair:3   | Reached skill level 10 in Air Magic
 21131 | Lair:3   | Found a staircase to the Snake Pit.
 22630 | Lair:4   | Reached XP level 14. HP: 94/94 MP: 24/24
 22905 | D:10     | Bought Maxwell's Memoranda for 684 gold pieces
 22911 | D:10     | Learned a level 5 spell: Arcjolt
 23326 | Lair:4   | Reached skill level 1 in Conjurations
 23577 | Lair:4   | Found a staircase to the Slime Pits.
 24503 | Lair:5   | Entered Level 5 of the Lair of Beasts
 24531 | Lair:5   | Reached skill level 5 in Conjurations
 25944 | Lair:5   | Reached skill level 15 in Fighting
 25962 | Lair:5   | Reached XP level 15. HP: 103/103 MP: 15/25
 26287 | Lair:5   | Reached skill level 10 in Conjurations
 26701 | Lair:5   | Got the Almanac of Allied Mud
 27023 | Orc:1    | Entered Level 1 of the Orcish Mines
 27023 | Orc:1    | You are sucked into a shaft and drop 1 floor!
 27023 | Orc:2    | Entered Level 2 of the Orcish Mines
 27211 | Orc:2    | Found a frozen archway.
 27304 | IceCv    | Entered an ice cave
 27919 | IceCv    | Found an ancient bone altar of Kikubaaqudgha.
 29590 | IceCv    | Found the +4 skin of Zhor {*Englaciate rC+++ SInv}
 29814 | Orc:2    | Found a staircase to the Elven Halls.
 30262 | Orc:2    | Found Yfroas's Weapon Shoppe.
 30266 | Orc:2    | Reached skill level 15 in Air Magic
 31946 | Orc:2    | Found Hyg Uryu's Assorted Antiques.
 31947 | Orc:2    | Found Qixewuygh's General Store.
 32043 | Orc:2    | Found Pusom's Jewellery Shop.
 32075 | Orc:2    | Bought a scroll labelled RIORULY ZIST for 30 gold pieces
 32183 | D:10     | Learned a level 5 spell: Freezing Cloud
 32213 | D:10     | Killed meliss's ghost
 32567 | D:12     | Noticed Erolcha
 32575 | D:12     | Killed Erolcha
 32576 | D:12     | Reached skill level 1 in Ice Magic
 33752 | D:12     | Identified the +3 robe "Waytuv" {Rampage rPois rC++ Stlth+}
 34116 | D:13     | Identified the +2 quarterstaff "Qunuph" {flame, Fragile
                  | rC++ rN+}
 34170 | D:13     | Reached XP level 16. HP: 111/111 MP: 21/26
 34437 | D:13     | Found Woilyb's General Store.
 34449 | D:13     | Learned a level 3 spell: Vhi's Electric Charge
 34769 | Orc:2    | Bought an amulet of magic regeneration for 330 gold pieces
 35925 | D:14     | Identified the +7 glaive of Gyidden {elec, Fly Str+3 Int+5
                  | Dex-3}
 36293 | D:14     | Found a gate to the Vaults.
 36409 | D:15     | Entered Level 15 of the Dungeon
 36689 | D:15     | Reached skill level 5 in Ice Magic
 37219 | D:15     | Found a staircase to the Depths.
 37605 | D:10     | Bought the ring "Horegey" {rPois Dex+3} for 599 gold pieces
 37705 | Swamp:1  | Entered Level 1 of the Swamp
 37745 | Snake:1  | Entered Level 1 of the Snake Pit
 38416 | Snake:1  | Found Goixt's Weapon Shoppe.
 38419 | Snake:1  | Found Ynophade's Assorted Antiques.
 38419 | Snake:1  | Found Omuitweo's Antique Weapon Shoppe.
 38422 | Snake:1  | Found Suleegg's Assorted Antiques.
 38908 | Snake:1  | Reached skill level 15 in Dodging
 39824 | Snake:2  | Reached XP level 17. HP: 116/116 MP: 24/27
 40930 | Snake:2  | Identified the +0 ring mail "Iteiph" {Contam rC+ Str+2}
 43364 | Snake:3  | Identified a scroll of acquirement
 43390 | Snake:3  | Acquired 794 gold pieces
 45555 | Snake:4  | Entered Level 4 of the Snake Pit
 45644 | Snake:4  | Found Rezati's Weapon Boutique.
 46110 | Snake:4  | Reached XP level 18. HP: 122/122 MP: 21/29
 46932 | Snake:4  | Reached skill level 15 in Conjurations
 47417 | Snake:4  | Got a serpentine rune of Zot
 47672 | Swamp:1  | Noticed Mlioglotl
 48118 | Lair:2   | Learned a level 8 spell: Maxwell's Capacitive Coupling
 48347 | Lair:2   | Found a staircase to the Swamp.
 48504 | Lair:2   | Killed Mlioglotl
 49363 | Swamp:1  | Found an ancient bone altar of Kikubaaqudgha.
 49883 | Lair:2   | Learned a level 3 spell: Swiftness
 51704 | Swamp:2  | Noticed Louise
 51717 | Swamp:2  | Killed Louise
 51876 | Swamp:3  | Paralysed by a fenstrider witch for 4 turns
 52744 | Swamp:3  | Reached skill level 10 in Spellcasting
 54466 | Swamp:4  | Entered Level 4 of the Swamp
 54532 | Swamp:3  | Reached XP level 19. HP: 90/127 MP: 19/34
 56609 | Swamp:4  | Got the Thoughts on the Snowflakes
 56843 | Swamp:4  | Got a decaying rune of Zot
 57447 | Vaults:1 | Entered Level 1 of the Vaults
 58787 | Vaults:1 | Reached skill level 1 in Staves
 59945 | Vaults:1 | Identified the +0 pair of gloves "Eplaq" {Int+3}
 60683 | Vaults:2 | Reached XP level 20. HP: 91/132 MP: 27/35
 62039 | Vaults:2 | Reached skill level 5 in Staves
 62836 | Vaults:2 | Noticed Bai Suzhen
 62841 | Vaults:2 | Killed Bai Suzhen
 64680 | Vaults:3 | Noticed Nikola
 64758 | Vaults:3 | Noticed a bone dragon
 64763 | Vaults:3 | Killed a bone dragon
 64786 | Vaults:3 | Killed Nikola
 65419 | Vaults:3 | You are sucked into a shaft and drop 1 floor!
 66302 | Vaults:3 | Noticed Zenata
 66313 | Vaults:3 | Slain by a +1 mace of venom

Illustrated notes

Levels and vault maps discovered:
D:1:      mrwooster_arrival_arrow, layout_basic, serial_shops,
          nicolae_shop_hallway_plus, serial_park_tiny_pond
D:2:      layout_loops_ring, minmay_misc_feat_tiny, hangedman_glass_teeth,
          minmay_fractal_squares_gapless_5
D:3:      due_chaos_kobolds, layout_rooms, minmay_unequal
D:4:      layout_basic, marbit_many_paths, pf_guarded_unrand_meek
D:5:      layout_cave_pools, chequers_serial_rivers_large_a,
          hangedman_decor_lopped, nicolae_shop_vocational
D:6:      layout_basic, jmf_multi_god_temple2, mainiacjoe_overflow_alcove_1,
          okawaru_ov_weapons_minmay, serial_shops, nicolae_shop_rolled_up,
          serial_rivers, chequers_serial_rivers_room_a,
          chequers_serial_rivers_small_a, chequers_serial_rivers_micro_b,
          chequers_serial_rivers_room_a, chequers_serial_rivers_large_b,
          chequers_serial_rivers_micro_b, nicolae_shop_self_help, uniq_duvessa
D:7:      layout_rooms, nicolae_vehumet_radiance,
          minmay_temple_entry_butterflies, serial_shops,
          nicolae_shop_back_alley_shop
D:8:      layout_rooms, grunt_temple_overflow_opulence, special_room
          [special_room_kobold]
D:9:      layout_stronghold, lemuel_crystal_altar, nicolae_tso_carved_into_rock,
          hiddenorc2_lemuel, kennysheep_generic_room_7
D:10:     layout_long_grid, mainiacjoe_overflow_brackets,
          nicolae_hepliaklqana_hazy_memory, kennysheep_mini_moat,
          dpeg_oklobed_lair, ebering_ghost_disaster_area, uniq_snorg
D:11:     layout_roguey, hellmonk_ghost_happy_afterlife
D:12:     layout_roguey, uniq_erolcha
D:13:     layout_roguey [special_room_bee], serial_shops, nicolae_square_shop
D:14:     layout_rooms, david_vaults_4, minivault_19,
          minmay_mirror_moons_of_madness
D:15:     gammafunk_enter_depths_forms, layout_irregular_city,
          hangedman_decor_opposing, minmay_misc_feat_cross
Temple:   kb_temple_of_zot
Lair:1:   layout_cave_pods
Lair:2:   layout_concentric_octagons, skrybe_swamp_entry_bodies,
          grunt_forest_small_clearings, lemuel_fruit_fields
Lair:3:   layout_roguey [special_room_mythical_zoo], dummy_snake_entry,
          lemuel_fruit_tree, grunt_megastairs_2, infiniplex_staircase_pool_2
Lair:4:   layout_gridlike, slime_entry_1, serial_bayou, serial_bayou_crossing,
          serial_bayou_pond_d, serial_bayou_pond_a, serial_bayou_pond_b,
          serial_bayou_lagoon_a, evilmike_ambush [evilmike_ambush_outer_doors,
          evilmike_ambush_inner_pond]
Lair:5:   minmay_lair_end_frog_pond, layout_loops_ring,
          grunt_forest_large_clearing_hut
Swamp:1:  layout_basic_swamp, basic_altar, nicolae_swamp_nymph_family_reunion,
          uniq_mlioglotl
Swamp:2:  layout_falls_marsh, nicolae_swamp_well_well_well, uniq_louise
Swamp:3:  layout_basic_swamp, serial_swamp_ruin, evilmike_swamp_ruin_rubble_1,
          evilmike_swamp_ruin_wall, evilmike_swamp_ruin_house_5,
          st_swamp_ruins_3
Swamp:4:  swamp, layout_basic_swamp, swamp_pool5,
          nicolae_swamp_feature_on_the_river_bank, infiniplex_staircase_pool
Snake:1:  layout_chambers, serial_bayou_shore_b, minmay_shoptagon
Snake:2:  layout_chambers, evilmike_ambush [evilmike_ambush_outer_basic,
          evilmike_ambush_inner_basic], grunt_megastairs_4
Snake:3:  nrook_guardian_serpent_snake_passage, layout_basic,
          serial_bayou_shore_b
Snake:4:  snake_pit, layout_gridlike, serial_shops, nicolae_shop_waterfront
Orc:1:    layout_caves
Orc:2:    st_orc_elflike, layout_diamond_mine, portal_ice_cave_entry_imps
Vaults:1: nicolae_vaults_closet_pinwheel_1, nicolae_vaults_asterisk,
          nicolae_vaults_circle_grid_b, vaults_room_door_ring,
          nicolae_vaults_doubleplus_tesselated, vaults_dpeg_hooks,
          nicolae_vaults_trapezoid_lopsided_2, nicolae_vaults_house_1,
          nicolae_vaults_octothorpe, v_misc_8, nicolae_vaults_closet_pinwheel_5,
          nicolae_vaults_display_case, nicolae_vaults_house_1,
          layout_vaults_omnicross
Vaults:2: v_misc_33, vaults_mumra_chevron_long, v_misc_29, v_alt_pattern_6,
          nicolae_vaults_sesquioval_fish, v_alt_pattern_6, v_misc_9,
          nicolae_vaults_tetromino_T_2, nicolae_vaults_ring_of_whatevers,
          ontoclasm_vaults_ligature, nicolae_vaults_shipping_containers_5,
          nicolae_vaults_diamond_1, layout_vaults_quadrants, uniq_bai_suzhen
Vaults:3: v_misc_3, nicolae_vaults_apartment_1, vaults_dpeg_encased_lava,
          vaults_mumra_hex, grunt_vaults_funnel,
          minmay_crypt_entry_nasty_monster, ontoclasm_vaults_spin,
          hangedman_vaults_stretched_pinwheel, nicolae_vaults_tangram_2,
          v_misc_1, nicolae_vaults_big_ls, hangedman_vaults_stretched_pinwheel,
          v_misc_16, layout_vaults_maze, uniq_zenata, uniq_nikola
Vaults:4: nicolae_vaults_trapezoid_2, nicolae_vaults_inception_network,
          nicolae_vaults_octothorpe, nicolae_vaults_little_ls,
          hangedman_vaults_nails, vaults_dpeg_doors, nicolae_vaults_diamond_1,
          nicolae_vaults_double_plus_1, nicolae_vaults_more_shelving_1,
          hangedman_vaults_stitches, nicolae_vaults_tetromino_Z_1,
          dpeg_vaults_monster_row, vaults_dpeg_ring, layout_vaults_omnibox,
          serial_shops, nicolae_shop_behind_doors,
          nicolae_shop_temple_entry_statues_fountains,
          nicolae_shop_hallway_stairs, nicolae_shop_back_alley_shop, shop,
          uniq_xtahua

Skill      XL: |  1  2  3  4  5  6  7  8  9 10 11 12 13 14 15 16 17 18 19 20 |
---------------+-------------------------------------------------------------+-----
Summonings     | 5 6 10 11 13 | 13.0
Spellcasting   | 3 5 6 10 12 | 12.0
Fighting       | 2 3 5 7 9 11 13 15 16 | 16.5
Dodging        | 3 4 6 7 8 9 11 13 15 16 | 16.0
Air Magic      | 7 8 13 16 18 19 20 21 | 21.9
Armour         | 4 5 |  5.0
Conjurations   | 9 10 13 17 20 21 | 21.9
Ice Magic      | 2 6 |  6.0
Staves         | 3 7 |  7.6
Stealth        | |  2.0

Action                     |  1- 3 |  4- 6 |  7- 9 | 10-12 | 13-15 | 16-18 | 19-21 || total
---------------------------+-------+-------+-------+-------+-------+-------+-------++-------
  Melee: Unarmed           |    10 |       |       |       |       |       |       ||    10
         Kick              |     3 |     8 |    24 |    15 |    91 |    47 |    73 ||   261
         Peck              |     4 |     9 |    14 |     8 |    74 |    28 |    45 ||   182
         Short sword       |     8 |       |       |       |       |       |       ||     8
         Whip              |     2 |       |       |       |       |       |       ||     2
         Hand axe          |       |    22 |    74 |    41 |   179 |       |       ||   316
         Punch             |       |     1 |     2 |       |     2 |     2 |     4 ||    11
         Staff             |       |       |       |       |    38 |   115 |   127 ||   280
   Cast: Summon Small Mamm |    53 |       |       |       |       |       |       ||    53
         Call Imp          |     3 |    20 |    34 |     4 |    13 |     1 |       ||    75
         Call Canine Famil |     2 |    25 |    51 |    54 |    62 |     1 |       ||   195
         Summon Lightning  |       |       |    17 |    86 |   119 |   143 |    71 ||   436
         Summon Guardian G |       |       |       |     1 |    39 |     5 |       ||    45
         Arcjolt           |       |       |       |       |   151 |   176 |   121 ||   448
         Freezing Cloud    |       |       |       |       |       |   212 |   132 ||   344
         Vhi's Electric Ch |       |       |       |       |       |     8 |     6 ||    14
         Maxwell's Capacit |       |       |       |       |       |     2 |    10 ||    12
         Swiftness         |       |       |       |       |       |       |     2 ||     2
 Invoke: Call Merchant     |       |       |       |     2 |     2 |     2 |       ||     6
    Use: Scroll            |       |       |     5 |       |    15 |    14 |     2 ||    36
         Potion            |       |       |       |       |       |     1 |     2 ||     3
   Stab: Distracted        |       |     1 |     2 |       |     2 |     1 |     2 ||     8
         Sleeping          |       |       |       |       |       |     2 |     1 ||     3
 Armour: Robe              |     7 |     8 |    34 |    16 |    15 |       |       ||    80
         Animal skin       |       |       |       |       |    27 |    83 |    41 ||   151
  Dodge: Dodged            |    24 |    20 |    98 |   117 |   384 |   358 |   232 ||  1233

Table legend: (Time is in decaauts)
 A = Elapsed time spent in this place.
 B = Non-inter-level travel time spent in this place.
 C = Inter-level travel time spent in this place.
 D = Time resting spent in this place.
 E = Time spent auto-exploring this place.
 F = Levels seen in this place.
 G = Mean time per level.
                   A        B        C        D        E       F      G
               +--------+--------+--------+--------+--------+-----+--------+
         Total |  63951 |  61315 |   2636 |  25705 |  25398 |  36 | 1776.4 |
       Dungeon |  22512 |  21408 |   1104 |   7188 |  10431 |  15 | 1500.8 |
        Temple |    105 |     90 |     15 |      0 |     78 |   1 |  105.0 |
          Lair |  10148 |   9414 |    734 |   2640 |   5000 |   5 | 2029.6 |
         Swamp |   8049 |   7902 |    147 |   5021 |   1926 |   4 | 2012.2 |
     Snake Pit |   9518 |   9284 |    234 |   4541 |   3367 |   4 | 2379.5 |
  Orcish Mines |   2695 |   2496 |    199 |    620 |   1451 |   2 | 1347.5 |
        Vaults |   8538 |   8339 |    199 |   4460 |   2568 |   4 | 2134.5 |
      Ice Cave |   2382 |   2382 |      0 |   1232 |    573 |   1 | 2382.0 |
               +--------+--------+--------+--------+--------+-----+--------+

Top non-repeatable levels by time:
 Snake:2: 3510 daAuts
Vaults:2: 3197 daAuts
Vaults:1: 2957 daAuts
 Swamp:3: 2603 daAuts
 Swamp:4: 2585 daAuts
 Snake:3: 2494 daAuts
  Lair:2: 2446 daAuts
   IceCv: 2382 daAuts
  Lair:4: 2365 daAuts
     D:2: 2355 daAuts
     D:9: 2355 daAuts
Vaults:3: 2323 daAuts
     D:4: 2201 daAuts
     D:6: 2142 daAuts
  Lair:3: 2106 daAuts
